 Dungeon Crawl Stone Soup version 0.26.1-11-gd32895ea62 (webtiles) character file.

Game seed: 2663993811362898685

219 boopmooplesden the Twirler (level 5, -4/39 HPs)
             Began as a Demonspawn Gladiator on July 23, 2021.
             Slain by an orc
             ... wielding a +1 mace of holy wrath
              (5 damage)
             ... on level 4 of the Dungeon.
             The game lasted 00:06:06 (3855 turns).

boopmooplesden the Twirler (Demonspawn Gladiator)   Turns: 3855, Time: 00:06:06

Health: -4/39      AC: 10    Str: 16    XL:     5   Next: 63%
Magic:  5/5        EV: 13    Int:  9    God:
Gold:   127        SH:  0    Dex: 14    Spells: 4/4 levels left

rFire    . . .     SeeInvis .   a - +0 quarterstaff
rCold    + . .     Faith    .   (shield currently unavailable)
rNeg     . . .     Spirit   .   b - +0 leather armour
rPois    .         Reflect  .   c - +0 helmet
rElec    .         Harm     .   (no cloak)
rCorr    .         Rampage  .   (no gloves)
Will     .....                  (no boots)
Stlth    ++........             (no amulet)
HPRegen  0.13/turn              q - ring of flight
MPRegen  0.09/turn              t - ring of stealth

@: sanguine armour, slowed, very slow
A: cold resistance 1, sanguine armour 1
a: Evoke Flight


You were on level 4 of the Dungeon.
You visited 1 branch of the dungeon, and saw 4 of its levels.

You collected 127 gold pieces.

Inventory:

Hand Weapons
 a - a +0 quarterstaff (weapon)
Missiles
 d - a throwing net (quivered)
 i - 31 poisoned darts
 m - 3 boomerangs
Armour
 b - a +0 leather armour (worn)
 c - a +0 helmet (worn)
 h - a +0 ring mail
 r - a +0 chain mail
Jewellery
 q - a ring of flight (left hand)
 t - a ring of stealth (right hand)
Wands
 s - a wand of flame (7)
Potions
 e - a potion of brilliance {unknown}
 g - a potion of curing {unknown}
 k - a potion of ambrosia {unknown}
 l - a potion of magic {unknown}
 o - a potion of lignification {unknown}
 p - a potion of might {unknown}
 u - a potion of degeneration {unknown}


   Skills:
 + Level 2.7 Fighting
 + Level 4.6 Staves
 + Level 1.9 Throwing
 + Level 1.7 Armour
 + Level 3.2 Dodging
 + Level 0.5 Stealth


You had 4 spell levels left.
You didn't know any spells.
Your spell library was empty.

Dungeon Overview and Level Annotations

Branches:
Dungeon (4/15)
 Temple: D:4-7

Altars:

Annotations:
D:4 Edmund


Innate Abilities, Weirdness & Mutations

Your flesh is cold resistant. (rC+)
When seriously injured, your bleeding wounds create armour. (AC +6)


Message History

Edmund closely misses you.
Found a scroll of remove curse.
The orc throws a boomerang of dispersal.
The boomerang of dispersal completely misses you.
The orc barely misses you.
The orc throws a boomerang of dispersal.
The boomerang of dispersal hits you.
You blink.
Found 17 gold pieces.
The iguana bites you.
Edmund hits you with a +0 vorpal dire flail.
There is a stone staircase leading up here.
The iguana bites you!
* * * LOW HITPOINT WARNING * * *
The iguana closely misses you.
The worker ant waves its antennae.
Edmund closely misses you.
The orc hits you with a +1 mace of holy wrath.
* * * LOW HITPOINT WARNING * * *
You convulse.
You die...

..............# ..##
..............# .$#
..............# ....
............†##...#
.............##)..#.
##.......#..........
##...o#@o.........
.###...ol...#......
......B@..##.......
.........## ..#....
.....#..## .##....
#...###.# ## ...
#..# #.. .. ##. ##.
. .#


You could see Edmund, an iguana, a worker ant and 3 orcs.

Vanquished Creatures
  An orc wizard (D:4)
  4 gnolls (D:3)
  4 adders
  2 oozes
  2 worms
  A dart slug (D:2)
  A leopard gecko (D:3)
  An orc (D:3)
  2 ball pythons
  4 giant cockroaches
  13 goblins
  10 hobgoblins
  9 jackals
  7 kobolds
  2 quokkas
  16 bats
  5 frilled lizards
  15 rats
99 creatures vanquished.

Vanquished Creatures (others)
  4 plants (D:2)
4 creatures vanquished.

Grand Total: 103 creatures vanquished

Notes
Turn   | Place    | Note
-------+----------+-------------------------------------------
     0 | D:1      | boopmooplesden the Demonspawn Gladiator began the quest for
                  | the Orb.
     0 | D:1      | Reached XP level 1. HP: 16/16 MP: 1/1
   296 | D:1      | Reached skill level 3 in Staves
   300 | D:1      | Gained mutation: Your flesh is cold resistant. (rC+)
                  | [demonic ancestry]
   300 | D:1      | Reached XP level 2. HP: 22/22 MP: 2/2
   805 | D:2      | Reached XP level 3. HP: 22/27 MP: 3/3
  1926 | D:2      | Found a faded altar of an unknown god.
  2033 | D:2      | Reached XP level 4. HP: 33/34 MP: 4/4
  2210 | D:2      | Reached skill level 1 in Armour
  2229 | D:2      | Reached skill level 4 in Staves
  2926 | D:3      | Gained mutation: When seriously injured, your bleeding
                  | wounds create armour. (AC +6) [demonic ancestry]
  2926 | D:3      | Reached XP level 5. HP: 35/39 MP: 5/5
  3829 | D:4      | Noticed Edmund
  3855 | D:4      | HP: 1/39 [orc/+1 mace of holy wrath (3)]
  3855 | D:4      | Slain by an orc

Illustrated notes

Levels and vault maps discovered:
D:1:      kennysheep_arrival_seaside, layout_rooms
D:2:      minmay_razor_zed, layout_basic, serial_forest,
          infiniplex_forest_clump_tiny, infiniplex_forest_straight_2,
          infiniplex_forest_lined_3_way, infiniplex_forest_clump_medium,
          infiniplex_forest_straight_4, infiniplex_forest_clump_long,
          infiniplex_forest_lined_3, infiniplex_forest_clump_double,
          chequers_ecumenical_altar_grove, st_stairs_1, minmay_quantized
D:3:      layout_loops_ring
D:4:      layout_layer_cave, uniq_ijyb, uniq_edmund

Skill      XL: |  1  2  3  4 |
---------------+-------------+-----
Staves         | 3 4 |  4.6
Dodging        | 3 |  3.2
Armour         | 1 |  1.7
Fighting       | |  2.7
Throwing       | |  1.9
Stealth        | |  0.5

Action                   |  1- 3 |  4- 6 || total
-------------------------+-------+-------++-------
Melee: Quarterstaff      |   153 |   148 ||   301
Throw: Throwing net      |     1 |     3 ||     4
  Use: Scroll            |       |     3 ||     3
 Stab: Sleeping          |     1 |     2 ||     3
       Held in net/web   |       |     1 ||     1
Armor: Leather armour    |    48 |    45 ||    93
Dodge: Dodged            |   135 |   127 ||   262
